 Dungeon Crawl Stone Soup version 0.30.0-13-g156ef70053 (webtiles) character file.

Game seed: 10197937140043051945

30 browni3141 the Firebug (level 3, 24/24 HPs)
             Began as a Demonspawn Fire Elementalist on May 17, 2023.
             Got out of the dungeon alive.
             The game lasted 00:00:52 (1382 turns).

browni3141 the Firebug (DsFE)                       Turns: 1382, Time: 00:00:52

Health: 24/24      AC:  2    Str:  8    XL:     3   Next: 3%
Magic:  6/6        EV: 12    Int: 18    God:
Gold:   85         SH:  0    Dex: 13    Spells: 5/6 levels left

rFire   . . .        s - +0 falchion
rCold   . . .        (no shield)
rNeg    . . .        a - +0 robe
rPois   .            (no helmet)
rElec   .            (no cloak)
rCorr   .            (no gloves)
SInv    .            (no boots)
Will    .....        (no amulet)
Stlth   ++           (no ring)
HPRegen 0.24/turn    (no ring)
MPRegen 0.10/turn

%: no passive effects
@: no status effects
A: claws 1, spiny 1
a: no special abilities


You escaped.
You visited 1 branch of the dungeon, and saw 2 of its levels.

You collected 85 gold pieces.

Inventory:

Hand Weapons
 s - a +0 falchion (weapon)
Armour
 a - a +0 robe (worn)
 q - a +0 cloak
Jewellery
 o - an amulet of reflection
 x - a ring of protection from fire
 y - a ring of see invisible
Scrolls
 p - a scroll of enchant weapon {unknown}
 r - 3 scrolls of teleportation {unknown}
 t - 2 scrolls of identify {unknown}
Potions
 l - a potion of attraction {unknown}
 m - 2 potions of magic
 n - a potion of berserk rage {unknown}
 u - a potion of haste {unknown}
 v - a potion of might {unknown}
 w - a potion of degeneration {unknown}


   Skills:
 + Level 2.1 Dodging
 + Level 2.2 Stealth
 + Level 2.3 Spellcasting
 + Level 1.5 Conjurations
 + Level 2.9 Fire Magic


You had 5 spell levels left.
You knew the following spells:

 Your Spells              Type           Power      Damage    Failure   Level
z - Foxfire               Conj/Fire      40%        2x1d6     7%          1

Your spell library contained the following spells:

 Spells                   Type           Power      Damage    Failure   Level
 Scorch                   Fire           24%        2d6       8%          2
 Inner Flame              Hex/Fire       7%         N/A       28%         3
 Volatile Blastmotes      Fire/Tloc      14%        2d11      28%         3
 Flame Wave               Conj/Fire      10%        2d6       56%         4


Dungeon Overview and Level Annotations

Branches:
Dungeon (2/15)

Altars:

Shops:
D:2 *


Innate Abilities, Weirdness & Mutations

You have sharp fingernails.
You are partially covered in sharp spines.


Message History

You hit the adder.
You kill the adder!
Your Dodging skill increases to level 2!
Unknown command.
You start resting.
HP restored.
You start resting.
Magic restored.
You now have 81 gold pieces (gained 3).
You open the door.
Found a stone staircase leading down.
There is an open door here.
You see here a +0 leather armour.
You see here a +0 hand axe.
Found a stone staircase leading up.
There is a stone staircase leading up here.
You open the door.
There is an open door here.
You see here a +0 leather armour.
You open the door.
There is an open door here.
You open the door.
There is an open door here.
You open the door.
There is an open door here.
You now have 85 gold pieces (gained 4).
y - a ring of see invisible
t - 2 scrolls labelled LANEOX KUGOIXAO (gained 1)
You open the door.
Found an escape hatch in the floor.
Found a stone staircase leading down.
A rat comes into view.
There is an open door here.
A rat is nearby!
A rat is nearby!
A rat is nearby!
The rat is struck by your spines.
You kill the rat!
No target in view!
No target in view!
A quokka comes into view.
A quokka is nearby!
A quokka is nearby!
A quokka is nearby!
A quokka is nearby!
Found a stone staircase leading up.
A frilled lizard comes into view.
The frilled lizard hisses angrily.
You closely miss the quokka. The quokka bites you.
The quokka is struck by your spines. The quokka closely misses you.
You hit the quokka.
You kill the quokka!
You see here a quokka corpse.
You hit the frilled lizard.
You kill the frilled lizard!
HP restored.
Found Ciqug's General Store.
Found an escape hatch in the ceiling.
There is an entrance to Ciqug's General Store here.
You open the door.
There is an open door here.
You open the door.
There is an open door here.
An adder comes into view.
An adder is nearby!
An adder is nearby!
An adder is nearby!
An adder is nearby!
You conjure some foxfire!
You conjure some foxfire!
The foxfire hits the adder.
The adder is lightly wounded.
The foxfire hits the adder.
The adder is moderately wounded.
You miscast Foxfire.
You are very lightly contaminated with residual magic.
Nothing appears to happen.
The foxfire hits the adder.
The adder is heavily wounded.
The foxfire hits the adder.
The adder is heavily wounded.
You conjure some foxfire!
You barely miss the adder.
The adder is heavily wounded.
The foxfire hits the adder.
You kill the adder!
You have reached level 3!
Your experience leads to an increase in your attributes!
Increase (S)trength, (I)ntelligence, or (D)exterity?
You feel clever. x2; Your demonic ancestry asserts itself...
Your fingernails lengthen.
(D) Dungeon
Where to? (Enter - D:1 @ (x,y), ? - help)
What level of the Dungeon? (default 1, ? - help)
Your foxfire dissipates!
Your magical contamination has completely faded away.
There is a stone staircase leading up here.
You climb upwards.
There is a stone staircase leading down here.
Magic restored.
There is an open door here.
There is a staircase leading out of the dungeon here.
Are you sure you want to leave the Dungeon?
This will make you lose the game!
You have escaped!

##### ####8@8####
##.........##
#8.........8#
#...8...8...#
#8.........8#
##.........###########
#.........##........#
#####'######.######.##
#.# #..## #.# #...^.


There were no monsters in sight!

Vanquished Creatures
  2 adders (D:2)
  2 hobgoblins
  3 kobolds
  2 quokkas
  2 frilled lizards
  2 rats
13 creatures vanquished.

Vanquished Creatures (others)
  27 foxfires
27 creatures vanquished.

Grand Total: 40 creatures vanquished

Notes
Turn   | Place    | Note
-------+----------+-------------------------------------------
     0 | D:1      | browni3141 the Demonspawn Fire Elementalist began the quest
                  | for the Orb.
     0 | D:1      | Reached XP level 1. HP: 13/13 MP: 3/3
   842 | D:1      | Found a faded altar of an unknown god.
  1049 | D:2      | Gained mutation: You are partially covered in sharp spines.
                  | [demonic ancestry]
  1049 | D:2      | Reached XP level 2. HP: 9/19 MP: 0/5
  1259 | D:2      | Found Ciqug's General Store.
  1297 | D:2      | Gained mutation: You have sharp fingernails. [demonic
                  | ancestry]
  1297 | D:2      | Reached XP level 3. HP: 24/24 MP: 1/6
  1382 | D:$      | Got out of the dungeon alive.

Illustrated notes

Levels and vault maps discovered:
D:1:      mrwooster_arrival_statue_3, layout_loops_ring,
          serial_co_window_serial, co_window_paths_a, co_window_corner_a,
          co_window_paths_a, co_window_paths_b, co_window_corner_a,
          co_window_corner_cb, co_window_paths_c, co_window_2corner,
          ebering_ecumenical_altar_abandoned
D:2:      layout_basic, serial_shops, nicolae_shop_statue_plus,
          corexii_leaking_fountain, minivault_23, minmay_misc_feat_pillars,
          minmay_goblin_kobold_house

Skill      XL: |  1  2 |
---------------+-------+-----
Stealth        | 2 |  2.2
Dodging        | 2 |  2.1
Spellcasting   | |  2.3
Conjurations   | |  1.5
Fire Magic     | |  2.9

Action                     || total
---------------------------++-------
  Melee: Unarmed           ||     6
         Falchion          ||     9
   Cast: Foxfire           ||    19
 Armour: Robe              ||     2
  Dodge: Dodged            ||     9
